 Dungeon Crawl Stone Soup version 0.22.1-1-ga44c0e56f4 (webtiles) character file.

17422 Jerry the Cleaver (level 12, -25/93 HPs)
             Began as a Mummy Fighter on Oct 16, 2018.
             Was an Initiate of Gozag.
             Killed from afar by an orc sorcerer (36 damage)
             ... with a bolt of fire
             ... on level 2 of the Orcish Mines.
             The game lasted 01:21:10 (19236 turns).

Jerry the Cleaver (Mummy Fighter)                  Turns: 19236, Time: 01:21:12

Health: -25/93     AC: 22    Str: 25    XL:     12   Next: 18%
Magic:  22/22      EV: 10    Int:  9    God:    Gozag
Gold:   2299       SH:  5    Dex: 12    Spells: 22/24 levels left

rFire    x . .     SeeInvis .   m - +5 hand axe (vamp)
rCold    + . .     Gourm    .   q - +0 buckler
rNeg     + + +     Faith    .   e - +3 ring mail
rPois    ∞         Spirit   .   g - +2 helmet
rElec    .         Reflect  .   b - +2 cloak {MR+}
rCorr    .         Harm     .   o - +2 pair of gloves {Str+3}
MR       ++...                  x - +1 pair of boots
Stlth    ++........             (no amulet)
HPRegen  0.25/turn              k - ring of stealth
MPRegen  0.18/turn              (no ring)

@: gold aura
A: no food or potions, fire vulnerability, cold resistance 1, negative energy
resistance 3, torment resistance, unbreathing
a: Potion Petition, Call Merchant, Bribe Branch, Renounce Religion


You were on level 2 of the Orcish Mines.
You worshipped Gozag.
Gozag was most pleased with you.
You were not hungry.

You visited 4 branches of the dungeon, and saw 15 of its levels.

You collected 3619 gold pieces.
You spent 448 gold pieces at shops.
You paid 872 gold pieces to Gozag.

Inventory:

Hand Weapons
 d - a +0 battleaxe of chopping
 m - a +5 vampiric hand axe (weapon)
 n - a +5 mace
 v - a +4 spear of piercing
 A - a +3 battleaxe
Missiles
 p - 2 throwing nets (quivered)
Armour
 b - a +2 cloak of magic resistance (worn)
 e - a +3 ring mail (worn)
 g - a +2 helmet (worn)
 j - a scarf of repulsion
 o - a +2 pair of gloves of strength (worn)
 q - a +0 buckler (worn)
 t - a +0 cloak
 u - a +3 chain mail
 x - a +1 pair of boots (worn)
 D - a +0 chain mail of cold resistance
Jewellery
 k - a ring of stealth (left hand)
 B - an uncursed amulet of faith
Wands
 l - a wand of paralysis (6)
 r - a wand of digging (12)
Scrolls
 a - 2 scrolls of blinking
 c - a scroll of immolation
 f - 5 scrolls of remove curse
 h - 6 scrolls of identify
 i - 4 scrolls of magic mapping
 s - a scroll of amnesia
 y - a scroll of teleportation
 C - a scroll of enchant armour
Miscellaneous
 w - a lamp of fire


   Skills:
 - Level 8.2 Fighting
 * Level 11.0 Axes
 + Level 8.5 Armour
 - Level 4.1 Shields
 + Level 6.9 Spellcasting
 + Level 4.0 Charms
 + Level 3.0 Air Magic


You had 22 spell levels left.
You knew the following spells:

 Your Spells              Type           Power        Failure   Level  Hunger
a - Swiftness             Chrm/Air       #.......     10%         2    N/A

Your spell library contained the following spells:

 Spells                   Type           Power        Failure   Level  Hunger
 Shock                    Conj/Air       #...         16%         1    N/A
 Corona                   Hex            #......      28%         1    N/A
 Freeze                   Ice            #...         28%         1    N/A
 Ozocubu's Armour         Chrm/Ice       #.......     36%         3    N/A
 Ensorcelled Hibernation  Hex/Ice        #.....       41%         2    N/A
 Throw Frost              Conj/Ice       #.....       41%         2    N/A
 Static Discharge         Conj/Air       #.......     41%         3    N/A
 Airstrike                Air            #.........   63%         4    N/A
 Confuse                  Hex            #.......     65%         3    N/A
 Dazzling Spray           Conj/Hex       #.....       65%         3    N/A
 Tukima's Dance           Hex            #.......     65%         3    N/A
 Summon Ice Beast         Ice/Summ       #.......     96%         4    N/A
 Throw Icicle             Conj/Ice       #.......     96%         4    N/A
 Iskenderun's Battlesphe  Conj/Chrm      #.......     98%         5    N/A
 Lightning Bolt           Conj/Air       #.........   99%         5    N/A
 Bolt of Magma            Conj/Fire/Erth #.........   100%        5    N/A
 Venom Bolt               Conj/Pois      #.........   100%        5    N/A
 Iron Shot                Conj/Erth      #.........   100%        6    N/A
 Orb of Destruction       Conj           #.........   100%        7    N/A
 Spellforged Servitor     Conj/Summ      #.........   100%        7    N/A

Dungeon Overview and Level Annotations

Branches:
Dungeon (11/15)            Temple (1/1) D:4            Lair (1/6) D:10
    Orc (2/2) D:11            Elf (0/3) Orc:2

Altars:
Cheibriados
Fedhas
Gozag
Hepliaklqana
Kikubaaqudgha
Makhleb
Okawaru
Qazlal
Trog
Vehumet
Wu Jian
Xom
Zin
The Shining One
Beogh

Shops:
D:2 *   D:9 (?[?   Orc:1 (   Orc:2 %[(

Annotations:
D:11 exclusion: obsidian statue


Innate Abilities, Weirdness & Mutations

You do not eat or drink.
Your flesh is vulnerable to fire.
You are immune to poison.
Your flesh is cold resistant. (rC+)
You are immune to negative energy. (rN+++)
You are immune to unholy pain and torment.
You can survive without breathing.


Message History

The sun demon hits you but does no damage.
You hit the orc sorcerer.
The orc sorcerer is severely wounded.
You completely miss the sun demon.
The orc sorcerer hits you but does no damage.
You hit the orc sorcerer.
You feel better.
The orc sorcerer is severely wounded.
You hit the sun demon. You block the sun demon's attack.
The orc sorcerer hits you but does no damage.
You barely miss the orc sorcerer.
The orc sorcerer is severely wounded.
You hit the sun demon. The sun demon completely misses you.
You hit the orc sorcerer.
You feel better.
The orc sorcerer is severely wounded.
You hit the sun demon but do no damage.
The sun demon hits you but does no damage.
The orc sorcerer gestures at you while chanting.
The bolt of fire hits you! The fire burns you terribly!
You die...
Your body crumbles into a pile of gold.

§§.#####.∩#≈≈....................
≈...≈≈§..##≈≈....................
≈........#§≈≈#...................
≈......###≈##§.##..##...)........
≈...####≈§§##≈.##..##..).......))
≈....≈≈≈≈§§≈§§...)...............
≈.........§......................
≈..8..).)....§.3.................
≈.....)...§§.§.o@..).............
≈....≈≈≈≈≈≈≈≈§§...............)))
≈...####§§§##≈§##..##.........)).
≈.oo...###≈##§§##..##............
≈...)§...#≈§§....................
§.o.≈§§..##≈§....................
≈..#####.∩#≈≈§...................
§...§≈≈..##≈≈....................
§§..§....#≈≈≈....................


You could see a sun demon and an orc sorcerer.

Vanquished Creatures
  2 two-headed ogres
  Nergalle (Lair:1)
  An orange crystal statue (D:11)
  The ghost of bananovenc the Cleaver, a novice GrMo of Ashenzari (D:6)
  2 orc sorcerers (Orc:2)
  An ugly thing (D:11)
  A cyclops (D:11)
  A centaur zombie (D:10)
  An elephant (D:10)
  A spiny frog (Lair:1)
  A black mamba (Lair:1)
  A gargoyle (D:9)
  A komodo dragon (Lair:1)
  3 trolls
  Grinder (D:2)
  A hornet (D:7)
  3 hippogriffs
  8 yaks
  The ghost of thefreepie the Chopper, an amateur HOMo of Beogh (D:3)
  A hungry ghost (D:10)
  A basilisk (D:10)
  2 wargs
  A water moccasin (Lair:1)
  A porcupine (Lair:1)
  3 ice beasts
  20 orc warriors
  7 ogres
  A necrophage (D:5)
  10 wolves
  5 phantoms
  A centaur (D:11)
  2 crocodiles
  A wyvern zombie (D:3)
  8 bullfrogs
  2 gnoll sergeants
  3 scorpions
  A wyvern skeleton (D:11)
  5 wights (D:11)
  A howler monkey (D:8)
  3 crimson imps
  A quasit (D:10)
  8 orc priests
  A gnoll shaman (Orc:2)
  5 hounds
  2 bullfrog zombies
  3 jellies
  31 orc wizards
  9 worker ants
  A bullfrog simulacrum (D:7)
  Robin (D:1)
  2 worker ant zombies
  16 gnolls
  13 adders
  2 adder skeletons
  2 worms
  2 dart slugs (D:1)
  3 leopard geckos
  55 orcs
  4 ball pythons
  12 bats
  8 giant cockroaches
  18 goblins
  12 hobgoblins
  6 jackals
  5 quokkas
  6 frilled lizards
  7 kobolds
  A leopard gecko skeleton (D:6)
  4 leopard gecko zombies
  6 rats
357 creatures vanquished.

Vanquished Creatures (others)
  An orc (Orc:2)
1 creature vanquished.

Grand Total: 358 creatures vanquished

Notes
Turn   | Place    | Note
-------+----------+-------------------------------------------
     0 | D:1      | Jerry the Mummy Fighter began the quest for the Orb.
     0 | D:1      | Reached XP level 1. HP: 18/18 MP: 1/1
    53 | D:1      | Reached XP level 2. HP: 24/24 MP: 2/2
   314 | D:1      | Reached skill level 2 in Axes
   423 | D:1      | Reached XP level 3. HP: 23/29 MP: 3/3
  1029 | D:2      | Noticed Robin
  1253 | D:1      | Killed Robin
  1457 | D:2      | Reached XP level 4. HP: 30/35 MP: 4/4
  1519 | D:2      | Found Gozag's Platinum Reserve.
  1521 | D:2      | Found an opulent altar of Gozag.
  1736 | D:2      | Found a glowing silver altar of Zin.
  2036 | D:2      | Became a worshipper of Gozag Ym Sagoz the Greedy
  2178 | D:3      | Found a runed gate.
  2178 | D:3      | Found a runed gate.
  2178 | D:3      | Found a runed gate.
  2500 | D:3      | Reached XP level 5. HP: 42/42 MP: 5/5
  2629 | D:3      | Noticed Grinder
  2630 | D:3      | Paralysed by Grinder for 7 turns
  2791 | D:3      | Noticed thefreepie's ghost (amateur HOMo)
  2981 | D:3      | Found a faded altar of an unknown god.
  3024 | D:3      | Paralysed by Grinder for 7 turns
  3513 | D:4      | Noticed a phantom
  3552 | D:4      | Killed a phantom
  3670 | D:4      | Reached skill level 3 in Axes
  3670 | D:4      | Reached XP level 6. HP: 42/48 MP: 6/6
  3747 | D:4      | Found a staircase to the Ecumenical Temple.
  3758 | D:4      | Found a radiant altar of Vehumet.
  3776 | D:4      | Found a hazy altar of Hepliaklqana.
  3790 | D:4      | Found a shimmering altar of Xom.
  4106 | Temple   | Entered the Ecumenical Temple
  4423 | D:4      | Found a stormy altar of Qazlal.
  4597 | D:4      | Found an ornate altar of the Wu Jian Council.
  4818 | D:5      | Entered Level 5 of the Dungeon
  4835 | D:5      | Reached XP level 7. HP: 55/55 MP: 7/7
  4864 | D:5      | Found a bloodstained altar of Trog.
  5090 | D:5      | Found a snail-covered altar of Cheibriados.
  5095 | D:5      | Reached skill level 5 in Fighting
  5451 | D:5      | Found an iron altar of Okawaru.
  5806 | D:6      | Reached skill level 4 in Axes
  6222 | D:6      | Found a glowing golden altar of the Shining One.
  6287 | D:6      | Reached XP level 8. HP: 56/63 MP: 8/8
  6793 | D:7      | Noticed a hornet
  6805 | D:7      | Killed a hornet
  6805 | D:7      | Reached skill level 5 in Axes
  7043 | D:2      | Paralysed by Grinder for 5 turns
  7055 | D:2      | Killed Grinder
  7055 | D:2      | Reached skill level 5 in Armour
  7146 | D:3      | Killed thefreepie's ghost
  7577 | D:7      | Reached skill level 6 in Axes
  7958 | D:7      | Reached XP level 9. HP: 71/71 MP: 9/9
  8052 | D:7      | Found a burning altar of Makhleb.
  8056 | D:7      | Found a transporter.
  8186 | D:7      | Found a transporter.
  8442 | D:7      | Found a runed gate.
  8442 | D:7      | Noticed bananovenc's ghost (novice GrMo)
  8443 | D:7      | Found a runed gate.
  8443 | D:7      | Found a runed gate.
  8445 | D:7      | Found a roughly hewn altar of Beogh.
  9549 | D:8      | Reached skill level 7 in Axes
 10151 | D:8      | Found a blossoming altar of Fedhas.
 10381 | D:9      | Found Siataywo's Magic Scroll Boutique.
 10389 | D:9      | Bought a scroll of blinking for 105 gold pieces
 10554 | D:9      | Found Amuce's Weapon Shop.
 10695 | D:9      | Found Jityir's Armour Emporium.
 10698 | D:9      | Bought a +1 pair of gloves of strength for 231 gold pieces
 11006 | D:9      | Found Fashreu's Magic Scroll Boutique.
 11009 | D:9      | Bought a scroll of enchant weapon for 112 gold pieces
 11019 | D:10     | Entered Level 10 of the Dungeon
 11035 | D:10     | Noticed a gargoyle
 11464 | D:9      | Reached skill level 8 in Axes
 11464 | D:9      | Reached XP level 10. HP: 77/80 MP: 10/10
 11728 | D:10     | Found a staircase to the Lair.
 11728 | D:10     | Noticed an elephant
 11986 | D:9      | Learned a level 2 spell: Swiftness
 12255 | D:11     | Noticed a cyclops
 12360 | D:10     | Reached skill level 1 in Spellcasting
 12483 | D:10     | Killed an elephant
 12483 | D:10     | Reached skill level 1 in Charms
 12552 | D:10     | Reached skill level 9 in Axes
 12646 | D:9      | Killed a gargoyle
 13196 | Lair:1   | Entered Level 1 of the Lair of Beasts
 13219 | Lair:1   | Noticed Nergalle
 13490 | Lair:1   | Killed Nergalle
 13683 | Lair:1   | Reached XP level 11. HP: 49/86 MP: 16/16
 14312 | Lair:1   | Noticed a five-headed hydra
 14855 | D:6      | Killed bananovenc's ghost
 15205 | D:11     | Reached skill level 10 in Axes
 15213 | D:11     | Reached skill level 5 in Spellcasting
 15233 | D:11     | Noticed an orange crystal statue
 15476 | D:11     | Noticed a cyan ugly thing
 15493 | D:11     | Killed a cyan ugly thing
 15569 | D:11     | Found a staircase to the Orcish Mines.
 15740 | D:11     | Noticed an obsidian statue
 15744 | D:11     | Noticed a two-headed ogre
 15965 | D:11     | Killed a two-headed ogre
 15965 | D:11     | Reached skill level 1 in Air Magic
 16066 | D:11     | Killed an orange crystal statue
 16159 | Orc:1    | Entered Level 1 of the Orcish Mines
 17598 | Orc:1    | Found Huthohin's Antique Weapon Shop.
 17904 | Orc:2    | Entered Level 2 of the Orcish Mines
 18322 | Orc:2    | Reached XP level 12. HP: 93/93 MP: 21/21
 18336 | Orc:2    | Found a staircase to the Elven Halls.
 18582 | Orc:2    | Found Xuecsim's Food Boutique.
 18624 | Orc:2    | Noticed a two-headed ogre
 18648 | Orc:2    | Killed a two-headed ogre
 18910 | Orc:2    | Reached skill level 11 in Axes
 19083 | Orc:2    | Found Qucy's Antique Armour Shoppe.
 19113 | Orc:2    | Found Vaiczitzi's Antique Weapon Emporium.
 19177 | Orc:2    | Found an ancient bone altar of Kikubaaqudgha.
 19229 | Orc:2    | HP: 2/93 [sun demon[an orc sorcerer] (27)]
 19236 | Orc:2    | Killed from afar by an orc sorcerer

Skill      XL: |  1  2  3  4  5  6  7  8  9 10 11 12 |
---------------+-------------------------------------+-----
Axes           | 2 3 4 6 8 9 10 11 | 11.0
Shields        | 3 4 |  4.1
Armour         | 3 4 5 6 7 8 |  8.5
Fighting       | 4 5 6 7 8 |  8.2
Spellcasting   | 3 6 |  6.9
Charms         | 2 3 4 |  4.0
Air Magic      | 2 3 |  3.0

Action                   |  1- 3 |  4- 6 |  7- 9 | 10-12 || total
-------------------------+-------+-------+-------+-------++-------
Melee: War axe           |   146 |   118 |       |       ||   264
       Hand axe          |       |   176 |   561 |  1000 ||  1737
Invok: Potion Petition   |       |       |       |     2 ||     2
Evoke: Wand              |       |       |     5 |     9 ||    14
       Lamp of fire      |       |       |       |     1 ||     1
       Phantom mirror    |       |       |       |     1 ||     1
  Use: Scroll            |       |     5 |     8 |     6 ||    19
 Stab: Paralysed         |       |       |     4 |    11 ||    15
       Distracted        |       |       |       |     3 ||     3
Armor: Scale mail        |    74 |   125 |   213 |   122 ||   534
       Chain mail        |       |       |       |   242 ||   242
       Ring mail         |       |       |       |    25 ||    25
Dodge: Dodged            |    52 |    84 |   200 |   304 ||   640
       Deflected         |       |     2 |       |     4 ||     6
Block: Shield            |    79 |   146 |    38 |       ||   263
       Buckler           |       |       |    61 |   156 ||   217
